 Dungeon Crawl Stone Soup version 0.31.0-1-g2c135a008e (webtiles) character file.

Game seed: 11841650921508923415

529 qw the Shooter (level 7, -1/53 HPs)
             Began as a Djinni Hunter on Jan 23, 2024.
             Slain by Grinder (5 damage)
             ... on level 4 of the Dungeon.
             The game lasted 00:00:14 (2144 turns).

qw the Shooter (Djinni Hunter)                      Turns: 2144, Time: 00:00:14

Health: -1/53      AC:  8    Str: 10    XL:     7   Next: 48%
Gold:   105        EV: 11    Int: 11    God:
                   SH:  5    Dex: 18

rFire   + + .        a - +0 shortbow
rCold   x . .        (shield currently unavailable)
rNeg    . . .        j - +0 ring mail
rPois   inf          c - +2 helmet
rElec   .            (no cloak)
rCorr   .            (no gloves)
SInv    .            (boots unavailable)
Will    .....        d - amulet of reflection
Stlth   +            (no ring)
HPRegen 0.28/turn    (no ring)
MPRegen 0.00/turn

%: reflection, infuse magic (-2 HP)
@: flying
A: sickness immunity, fire resistance 2, cold vulnerability 1, float, innate
caster, HP casting, extra vitality 1
a: no special abilities


You were on level 4 of the Dungeon.
You visited 1 branch of the dungeon, and saw 4 of its levels.

You collected 105 gold pieces.


Innate Abilities, Weirdness & Mutations

You are immune to sickness and miasma.
You are immune to poison.
Your flesh is very heat resistant. (rF++)
You are vulnerable to cold. (rC-)
You float through the air rather than walking.
You learn spells naturally, not from books.
Your magical power is your life essence.
You have superior vitality. (+4 MHP)


   Skills:
 - Level 4.5 Fighting
 + Level 5.8 Ranged Weapons
 - Level 1.0 Armour
 - Level 3.0 Dodging
 - Level 0.7 Stealth


You knew the following spells:

 Your Spells              Type           Power      Damage    Failure   Level
a - Slow                  Hex            0%         N/A       65%         1
b - Lesser Beckoning      Tloc           0%         N/A       80%         2
c - Call Imp              Summ           0%         N/A       80%         2
Your spell library was empty.

Inventory:

Hand Weapons
 a - a +0 shortbow (weapon)
Armour
 c - a +2 helmet (worn)
 j - a +0 ring mail (worn)
Jewellery
 d - an amulet of reflection (around neck)
Wands
 h - a wand of flame (9)
 l - a wand of charming (3)
Scrolls
 e - a scroll of identify
 g - 3 scrolls of fear {unknown}
 n - a scroll of revelation {unknown}
 o - a scroll of enchant weapon {unknown}
Potions
 b - a potion of enlightenment
 f - a potion of might
 i - 2 potions of haste
 k - a potion of heal wounds {unknown}
 m - 2 potions of resistance {unknown}

Dungeon Overview and Level Annotations

Branches:
Dungeon (4/15)
 Temple: D:4-7

Altars:
Dithmenos
Trog
Wu Jian

Annotations:
D:3 1 runed translucent door, Crazy Yiuf
D:4 Grinder


Message History

Grinder is severely wounded.
The scorpion barely misses you. Grinder hits you but does no damage.
You shoot an arrow. The arrow closely misses Grinder.
The scorpion barely misses you. Grinder barely misses you.
You block the scorpion's attack.
You shoot an arrow. The arrow completely misses Grinder.
Grinder gestures at you. You resist with some effort.
The scorpion completely misses you.
You shoot an arrow. The arrow hits Grinder.
Grinder is almost dead.
Grinder blinks!
The scorpion stings you but does no damage.
You block the scorpion's attack.
You shoot an arrow.
The arrow hits the scorpion but does no damage.
The scorpion is moderately wounded.
The scorpion stings you.
You shoot an arrow.
The arrow hits the scorpion but does no damage.
The scorpion is moderately wounded.
The scorpion closely misses you. The scorpion stings you.
You shoot an arrow. The arrow hits the scorpion!
The scorpion is severely wounded.
The scorpion stings you.
You shoot an arrow. The arrow barely misses the scorpion.
The arrow closely misses Grinder.
The scorpion barely misses you. The scorpion completely misses you.
You shoot an arrow. The arrow closely misses the scorpion.
The arrow hits Grinder.
Grinder is almost dead.
You block the scorpion's attack.
Grinder blinks!
You shoot an arrow.
The arrow hits the scorpion but does no damage.
The scorpion is severely wounded.
The scorpion stings you but does no damage.
The scorpion stings you.
You shoot an arrow. The arrow closely misses Grinder.
Grinder hits you.
You die...
Grinder says, "Now the real fun starts!"

#.......## #.......#
#..##.##..####.......#
...
##...##............. #
##.....##.###.......#
#.##.......#.#
##.#...##
#......_.....#
##.....#
####.......### #.....#
##.....## #.....#
##.@5## ##...## ##s##
##..# #.# ... ...
....# .#.## ....#


You could see Grinder and a scorpion.

Vanquished Creatures
  Sigmund (D:2)
  A kobold brigand (D:4)
  A jelly (D:4)
  Natasha (thrice) (D:3)
  2 orc wizards
  4 adders
  2 ribbon worms (D:2)
  A dart slug (D:1)
  11 orcs
  7 ball pythons
  5 endoplasms
  2 giant cockroaches
  9 goblins
  5 hobgoblins
  5 jackals
  2 quokkas
  5 bats
  4 frilled lizards
  7 kobolds
  4 rats
81 creatures vanquished.

Notes
Turn   | Place    | Note
-------+----------+-------------------------------------------
     0 | D:1      | qw the Djinni Hunter began the quest for the Orb.
     0 | D:1      | Reached XP level 1. HP: 18/18 MP: 0/0
     0 | D:1      | 0 ||| qw: Version: 0.3-a-135-gb77e89d
     0 | D:1      | 0 ||| qw: Game counter: 955
     0 | D:1      | 0 ||| qw: Melee chars always use a shield: true
     0 | D:1      | 0 ||| qw: God list: Okawaru
     0 | D:1      | 0 ||| qw: Allow faded altars: false
     0 | D:1      | 0 ||| qw: Do Orc after clearing Dungeon:15 true
     0 | D:1      | 0 ||| qw: Do second Lair branch before Depths: true
     0 | D:1      | 0 ||| qw: Lair rune preference: random
     0 | D:1      | 0 ||| qw: Goals: Normal
     0 | D:1      | 0 ||| PLANNING D:1-11
    54 | D:1      | Reached XP level 2. HP: 23/23 MP: 0/0
   254 | D:1      | Reached skill level 4 in Ranged Weapons
   254 | D:1      | Reached XP level 3. HP: 28/28 MP: 0/0
   254 | D:1      | Learned a level 1 spell: Slow
   257 | D:1      | Found a faded altar of an unknown god.
   430 | D:1      | 430 ||| UPGRADING to +0 ring mail.
   440 | D:1      | 440 ||| DROPPING +0 leather armour.
   441 | D:1      | 441 ||| DROPPING +6 ring of intelligence.
   442 | D:1      | 442 ||| READING scroll labelled WENI TY MULO.
   443 | D:1      | 443 ||| READING 4 scrolls labelled COQ QAHYUCVUDO.
   443 | D:1      | 443 ||| IDENTIFYING bubbling cyan potion
   444 | D:1      | 444 ||| READING 3 scrolls of identify.
   444 | D:1      | 444 ||| IDENTIFYING yellow potion
   445 | D:1      | 445 ||| READING 2 scrolls of identify.
   445 | D:1      | 445 ||| IDENTIFYING amethyst potion
   446 | D:1      | 446 ||| READING scroll of identify.
   446 | D:1      | 446 ||| IDENTIFYING scroll labelled LALEASAZXABB
   447 | D:1      | 447 ||| DROPPING scroll of butterflies.
   448 | D:1      | 448 ||| DROPPING potion of lignification.
   449 | D:1      | 449 ||| DROPPING scroll of blinking.
   508 | D:2      | 508 ||| FLEEEEING.
   509 | D:2      | 509 ||| FLEEEEING.
   510 | D:2      | 510 ||| FLEEEEING.
   511 | D:2      | 511 ||| FLEEEEING.
   512 | D:2      | 512 ||| FLEEEEING.
   513 | D:2      | 513 ||| FLEEEEING.
   514 | D:2      | 514 ||| FLEEEEING.
   515 | D:2      | 515 ||| FLEEEEING.
   516 | D:2      | 516 ||| FLEEEEING.
   517 | D:2      | 517 ||| FLEEEEING.
   518 | D:2      | 518 ||| FLEEEEING.
   519 | D:2      | 519 ||| FLEEEEING.
   520 | D:2      | 520 ||| FLEEEEING.
   521 | D:2      | 521 ||| FLEEEEING.
   522 | D:2      | 522 ||| FLEEEEING.
   523 | D:2      | 523 ||| FLEEEEING.
   524 | D:2      | 524 ||| FLEEEEING.
   525 | D:2      | 525 ||| FLEEEEING.
   526 | D:2      | 526 ||| STAIRDANCE
   584 | D:2      | Reached skill level 1 in Armour
   761 | D:2      | Reached XP level 4. HP: 34/34 MP: 0/0
   877 | D:2      | Reached skill level 3 in Fighting
  1015 | D:2      | Noticed Sigmund
  1025 | D:2      | 1025 ||| DRINKING 3 potions of curing.
  1025 | D:2      | 1025 ||| (to cure confusion)
  1031 | D:2      | Killed Sigmund
  1032 | D:2      | Reached skill level 5 in Ranged Weapons
  1032 | D:2      | Reached XP level 5. HP: 35/40 MP: 0/0
  1032 | D:2      | Learned a level 2 spell: Lesser Beckoning
  1032 | D:2      | Reached XP level 6. HP: 41/46 MP: 0/0
  1227 | D:2      | 1227 ||| UPGRADING to +2 helmet.
  1232 | D:2      | 1232 ||| UPGRADING to amulet of reflection.
  1237 | D:2      | 1237 ||| READING 2 scrolls of identify.
  1237 | D:2      | 1237 ||| IDENTIFYING fuming puce potion
  1238 | D:2      | 1238 ||| READING scroll of identify.
  1238 | D:2      | 1238 ||| IDENTIFYING orange potion
  1249 | D:3      | 1249 ||| STAIRDANCE
  1254 | D:3      | 1254 ||| STAIRDANCE
  1289 | D:3      | 1289 ||| STAIRDANCE
  1305 | D:3      | 1305 ||| STAIRDANCE
  1310 | D:3      | 1310 ||| DRINKING 2 potions of curing.
  1310 | D:3      | 1310 ||| (to cure confusion)
  1390 | D:3      | Reached skill level 3 in Dodging
  1448 | D:3      | Found a bloodstained altar of Trog.
  1485 | D:3      | Found an ornate altar of the Wu Jian Council.
  1541 | D:3      | Found a runed translucent door.
  1542 | D:3      | Noticed Crazy Yiuf
  1572 | D:3      | Noticed Natasha
  1577 | D:3      | Killed Natasha
  1585 | D:3      | Identified the +8 flail "Obo Jeig" {pain, Str+4}
  1602 | D:3      | Noticed Natasha
  1612 | D:3      | Killed Natasha
  1672 | D:3      | Noticed Natasha
  1688 | D:3      | Killed Natasha
  1689 | D:3      | Reached XP level 7. HP: 39/51 MP: 0/0
  1689 | D:3      | Learned a level 2 spell: Call Imp
  1774 | D:3      | 1774 ||| READING scroll of identify.
  1774 | D:3      | 1774 ||| IDENTIFYING coppery potion
  1775 | D:3      | 1775 ||| READING scroll labelled SOVAORGH FOUSU.
  1776 | D:3      | 1776 ||| READING scroll labelled VUYR JUBE RUNWEF.
  1777 | D:3      | 1777 ||| DROPPING potion of invisibility.
  2057 | D:4      | 2057 ||| DRINKING 3 potions of curing.
  2057 | D:4      | 2057 ||| (to cure confusion)
  2065 | D:4      | 2065 ||| DRINKING 2 potions of curing.
  2065 | D:4      | 2065 ||| (to cure confusion)
  2075 | D:4      | 2075 ||| DRINKING potion of curing.
  2075 | D:4      | 2075 ||| (to cure confusion)
  2101 | D:4      | Found a shadowy altar of Dithmenos.
  2110 | D:4      | Noticed Grinder
  2114 | D:4      | Paralysed by Grinder for 4 turns
  2133 | D:4      | HP: 13/53 [Grinder/nerve-wracking pain (7)]
  2138 | D:4      | HP: 9/53 [scorpion (5)]
  2143 | D:4      | HP: 4/53 [scorpion (4)]
  2144 | D:4      | Slain by Grinder

Levels and vault maps discovered:
D:1:      lightli_arrival_maybe_door_vault, layout_rooms,
          ebering_ecumenical_altar_abandoned, palyth_stone_intersect,
          minmay_stone_trees_small, st_stairs_4
D:2:      layout_loops_cross, uniq_sigmund
D:3:      layout_rooms, lemuel_crystal_altar, lemuel_doored_altar,
          minmay_misc_feat_room, uniq_natasha, uniq_crazy_yiuf_cottage
D:4:      layout_loops_corners, lemuel_round_altar, serial_shops,
          kennysheep_mini_moat, uniq_edmund, uniq_grinder

Skill      XL: |  1  2  3  4  5  6  7 |
---------------+----------------------+-----
Ranged Weapons | 4 5 |  5.8
Armour         | 1 |  1.0
Fighting       | 3 4 |  4.5
Dodging        | 3 |  3.0
Stealth        | |  0.7

Action                     |  1- 3 |  4- 6 |  7- 9 || total
---------------------------+-------+-------+-------++-------
   Fire: Shortbow          |   100 |   119 |   107 ||   326
    Use: Scroll            |     5 |     2 |     3 ||    10
         Potion            |       |     2 |     3 ||     5
 Armour: Leather armour    |     8 |       |       ||     8
         Ring mail         |     5 |    58 |    68 ||   131
  Dodge: Dodged            |    26 |    47 |    42 ||   115
  Block: Other             |       |    16 |    23 ||    39

Table legend:
 A = Non-vault XP
 B = Vault XP
 C = Vault XP percentage of total XP
 D = Non-vault monster count
 E = Vault monster count
 F = Vault count percentage of total count
                 A         B        C        D         E       F
            +---------+---------+-------+---------+---------+-------
      Total |     472 |     284 |  37.6 |      75 |       6 |   7.4
            +---------+---------+-------+---------+---------+-------
        D:1 |      28 |      10 |  26.3 |      18 |       4 |  18.2
        D:2 |      71 |     239 |  77.1 |      31 |       1 |   3.1
        D:3 |     142 |      35 |  19.8 |      10 |       1 |   9.1
        D:4 |     231 |       0 |   0.0 |      16 |       0 |   0.0
            +---------+---------+-------+---------+---------+-------
